 Seeded DCSS version 0.28-a0-1594-ga885d4b3d6 (webtiles) character file.

Game seed: 11 (custom seed)

105 knot the Chopper (level 4, 0/52 HPs)
             Began as a Demonspawn Berserker on Jan 21, 2022.
             Was a Believer of Trog.
             Slain by a river rat (1 damage)
             ... in a sewer.
             The game lasted 00:02:24 (2756 turns).

knot the Chopper (Demonspawn Berserker)             Turns: 2756, Time: 00:02:25

Health: 0/52       AC: 22    Str: 18    XL:     4   Next: 54%
Magic:  4/4        EV:  2    Int: 10    God:    Trog [**....]
Gold:   85         SH:  0    Dex: 12    Spells: 3/3 levels left

rFire   . . .      SeeInvis .   a - +0 hand axe
rCold   . . .      Faith    .   (no shield)
rNeg    . . .      Spirit   .   (armour currently unavailable)
rPois   +          Reflect  .   (helmet currently unavailable)
rElec   .          Harm     .   (cloak currently unavailable)
rCorr   .          Rampage  .   (gloves currently unavailable)
Will    .....      NoTele   +   (boots currently unavailable)
Stlth   +.........              (no amulet)
HPRegen 0.17/turn               (no ring)
MPRegen 0.09/turn               (no ring)

@: brilliant, tree-form, on berserk cooldown, slowed, unable to read, very slow
A: stationary, stasis, torment immunity, boosted hp, powered by death 1, (sturdy
frame 1), (cold resistance 1), (electricity resistance), inability to read while
threatened
a: Renounce Religion, Berserk, Trog's Hand


You were in a sewer.
You worshipped Trog.
Trog was pleased with you.
You were a tree.
You visited 1 branch of the dungeon, and saw 3 of its levels.
You also visited: Sewer.

You collected 85 gold pieces.

Inventory:

Hand Weapons
 a - a +0 hand axe (weapon)
Missiles
 d - 39 stones (quivered)
 j - 2 boomerangs
Armour
 b - a +0 animal skin (melded)
Scrolls
 f - 5 scrolls of identify {unknown}
 h - a scroll of enchant weapon {unknown}
 l - a scroll of fog {unknown}
Potions
 c - 2 potions of brilliance
 e - 2 potions of mutation
 g - a potion of attraction {unknown}
 i - a potion of lignification
 k - a potion of curing {unknown}
 m - a potion of magic {unknown}


   Skills:
 - Level 3.0 Fighting
 + Level 4.9 Axes
 - Level 1.7 Armour
 - Level 1.7 Dodging


You had 3 spell levels left.
You didn't know any spells.
Your spell library contained the following spells:

 Spells                   Type           Power      Damage    Failure   Level
 Blink                    Tloc           0%         N/A       50%         2
 Manifold Assault         Tloc           0%         N/A       100%        5
 Storm Form               Tmut/Air       0%         N/A       100%        7


Dungeon Overview and Level Annotations

Branches:
Dungeon (3/15)              Sewer (1/1)

Altars:


Innate Abilities, Weirdness & Mutations

You are a tree.
Your roots penetrate the ground, keeping you stationary.
You cannot be teleported.
You are immune to unholy pain and torment.
Your maximum health is greatly increased.
Your equipment is partially melded.
You regenerate a little health from kills.
((Your movements are slightly less encumbered by armour. (ER -2)))
((Your flesh is cold resistant. (rC+)))
((You are resistant to electric shocks. (rElec)))
You sometimes lose the ability to read scrolls when taking damage.


Message History

Trog accepts your kill.
You slash the rat!
You kill the rat!
Trog accepts your kill.
You are no longer berserk.
You are exhausted.
You feel yourself slow down.
Found a fizzy yellow potion.
The river rat misses you. The river rat bites you.
You see here a rat corpse.
You hit the river rat.
The river rat is lightly wounded.
The river rat bites you. x2
You hit the river rat.
The river rat is moderately wounded.
The river rat bites you!
You hit the river rat.
The river rat is heavily wounded.
The river rat twitches its whiskers.
The river rat barely misses you. The river rat bites you.
You are too injured to fight recklessly!
You are too injured to fight recklessly!
It was a potion of brilliance.
You feel clever all of a sudden. The river rat barely misses you.
The river rat twitches its whiskers.
The river rat bites you.
* * * LOW HITPOINT WARNING * * *
It was a potion of mutation.
You feel extremely strange.
You lose the ability to read scrolls when threatened.
You feel insulated.
You feel resistant to cold. The river rat bites you!
You feel threatened and lose the ability to read scrolls!
* * * LOW HITPOINT WARNING * * *
Unknown command.
It was a potion of lignification.
You turn into a tree.
Your +0 animal skin melds into your body.
Your roots penetrate the ground.
The river rat bites you but does no damage.
The river rat bites you.
You die...

! #. .# #.# #..# ## #.. #.
#r##.# #r#.# ##♣# #÷#.#
############÷#################
≈≈≈≈#≈≈....÷....≈≈..≈≈≈≈≈≈≈≈≈.
≈≈≈≈#≈≈.≈...≈.....≈.≈.≈≈≈≈≈≈≈.
##############################


You could see a river rat and a rat.

Vanquished Creatures
  An adder (D:2)
  4 river rats
  A worm (D:2)
  5 endoplasms
  3 giant cockroaches
  4 goblins
  3 hobgoblins
  4 jackals
  5 kobolds
  A quokka (D:1)
  6 ball pythons
  8 bats
  3 frilled lizards
  8 rats
56 creatures vanquished.

Notes
Turn   | Place    | Note
-------+----------+-------------------------------------------
     0 | D:1      | knot the Demonspawn Berserker began the quest for the Orb.
     0 | D:1      | Reached XP level 1. HP: 18/18 MP: 1/1
    51 | D:1      | Reached skill level 3 in Axes
    58 | D:1      | Gained mutation: You regenerate a little health from kills.
                  | [demonic ancestry]
    58 | D:1      | Reached XP level 2. HP: 24/24 MP: 2/2
   548 | D:1      | Found a faded altar of an unknown god.
   722 | D:2      | Gained mutation: Your movements are slightly less
                  | encumbered by armour. (ER -2) [demonic ancestry]
   722 | D:2      | Reached XP level 3. HP: 24/29 MP: 3/3
   933 | D:2      | Reached skill level 4 in Axes
  1335 | D:2      | Reached ** piety under Trog
  2165 | D:3      | Found a glowing drain.
  2181 | D:3      | Reached XP level 4. HP: 26/35 MP: 4/4
  2321 | Sewer    | Entered a sewer
  2755 | Sewer    | Gained mutation: You sometimes lose the ability to read
                  | scrolls when taking damage. [potion of mutation]
  2755 | Sewer    | Gained mutation: You are resistant to electric shocks.
                  | (rElec) [potion of mutation]
  2755 | Sewer    | Gained mutation: Your flesh is cold resistant. (rC+)
                  | [potion of mutation]
  2755 | Sewer    | HP: 1/35 [river rat (7)]
  2756 | Sewer    | Slain by a river rat

Illustrated notes

Levels and vault maps discovered:
D:1:      minmay_arrival_nine_rooms, layout_rooms, basic_ecumenical_altar
D:2:      layout_basic
D:3:      layout_loops_ring, minitemple, portal_sewer_entry_b,
          lemuel_old_faithful
Sewer:    sewer_co_cracked_pipes

Skill      XL: |  1  2  3 |
---------------+----------+-----
Axes           | 3 4 |  4.9
Fighting       | |  3.0
Armour         | |  1.7
Dodging        | |  1.7

Action                   |  1- 3 |  4- 6 || total
-------------------------+-------+-------++-------
Melee: Hand axe          |   136 |    39 ||   175
       Punch             |     1 |     1 ||     2
Invok: Berserk           |     4 |     2 ||     6
  Use: Potion            |       |     3 ||     3
 Stab: Sleeping          |     2 |       ||     2
Armor: Animal skin       |    42 |     2 ||    44
       Skin              |       |     1 ||     1
Dodge: Dodged            |   103 |    15 ||   118

Table legend: (Time is in decaauts)
 A = Elapsed time spent in this place.
 B = Non-inter-level travel time spent in this place.
 C = Inter-level travel time spent in this place.
 D = Time resting spent in this place.
 E = Time spent auto-exploring this place.
 F = Levels seen in this place.
 G = Mean time per level.
                   A        B        C        D        E       F      G
               +--------+--------+--------+--------+--------+-----+--------+
         Total |   2840 |   2796 |     44 |   1172 |   1224 |   4 |  710.0 |
       Dungeon |   2385 |   2341 |     44 |    825 |   1205 |   3 |  795.0 |
         Sewer |    455 |    455 |      0 |    347 |     19 |   1 |  455.0 |
               +--------+--------+--------+--------+--------+-----+--------+

Top non-repeatable levels by time:
     D:2: 1460 daAuts
     D:1: 724 daAuts
   Sewer: 455 daAuts
     D:3: 200 daAuts
